AoeStats
← Cyo Electryx

Lombardia

509766206Analyzed
3v3 RM · 6d ago on Sep 27, 2026· 16m 19s· 6 players
Game mode
Random Map
Map size
Normal (6 player)
Population
200
Speed
Normal
Resources
Standard
Victory
Conquest
Starting age
Dark Age
Ending age
Imperial Age
RankedLock teamsTeams togetherTeam positionsShared explorationLock speedFull tech treeHidden civsTurbo modeCheats
Victory
Defeat
1187
+18
🇨🇱 Italians · Chile
1168
+19
🇨🇱 Georgians · Chile
1158
+19
🇦🇷 Persians · Argentina
1265
-20
🇲🇽 Inca · Mexico
1254
-19
🇺🇸 Saracens · United States
1191
-17
Cyo Electryx
10:37 Feudal Age
14:25 Castle Age
12:59 Double-Bit Axe
14:43 Loom
15:07 Squires
16:51 Bow Saw
Pimbo
2:20 Loom
11:23 Feudal Age
14:02 Double-Bit Axe
1
8:30 Feudal Age
7:14 Loom
8:54 Double-Bit Axe
[HK2] Shin - El Macaulay Culkin
9:26 Feudal Age
13:35 Forging
[HK2] Yautja_SS
6:09 Loom
9:17 Feudal Age
9:52 Double-Bit Axe
12:11 Horse Collar
16:42 Wheelbarrow
[HK2] CroWent
10:27 Feudal Age
13:22 Loom
13:27 Loom
Connection lost

Rejoining the realm…

Still unreachable

The connection could not be restored.

Session expired

The server has moved on; the page needs a fresh start.